TOP OF THE 1ST |
Washington (APP) Nationals batting - Pitching for Johnson City Cardinals : LHP Craig Soole
|
Pitching: LHP Craig Soole
|
|
Batting: RHB Justin Van Houten
|
0-0: Ball 1-0: SOLO HOME RUN (Flyball, 7D, EV 96.9 MPH), Distance : 381 ft
|
Batting: RHB Er Le
|
0-0: Foul Ball, location: 2F 0-1: Called Strike 0-2: Ball 1-2: Strikes out swinging
|
Batting: RHB Tylor Cyr
|
0-0: Called Strike 0-1: Swinging Strike 0-2: Ball 1-2: Ball 2-2: Ball 3-2: Base on Balls
|
Batting: LHB Chance McWilliams
|
0-0: Ball 1-0: Called Strike 1-1: Ball 2-1: Ball 3-1: DOUBLE (Line Drive, 89D, EV 107.5 MPH) Tylor Cyr to third
|
Batting: RHB Lamar Thornton
|
0-0: Fly out, F8 (Line Drive, 8RM, EV 88.8 MPH) Throwing error, E8 Tylor Cyr scores Chance McWilliams to third
|
Batting: LHB Elias Posada
|
0-0: Fly out, F9 (Flyball, 89S, EV 89.4 MPH)
|
Top of the 1st over - 2 runs, 2 hits, 1 error, 1 left on base; Washington (APP) 2 - Johnson City 0 |
BOTTOM OF THE 1ST |
Johnson City Cardinals batting - Pitching for Washington (APP) Nationals : LHP Danny Juarez
|
Pitching: LHP Danny Juarez
|
|
Batting: RHB Nick Latulippe
|
0-0: Ball 1-0: Foul Ball, location: 2F 1-1: Ball 2-1: Foul Ball, location: 2F 2-2: Ball 3-2: Foul Ball, location: 2F 3-2: Strikes out swinging
|
Batting: RHB Herbert Loveless
|
0-0: Swinging Strike 0-1: Ball 1-1: Called Strike 1-2: Ball 2-2: Ball 3-2: Strikes out swinging
|
Batting: RHB Kyle Burns
|
0-0: Ball 1-0: Called Strike 1-1: Ground out 4-3 (Groundball, 4M, EV 99.4 MPH)
|
Bottom of the 1st over - 0 runs, 0 hits, 0 errors, 0 left on base; Washington (APP) 2 - Johnson City 0 |
TOP OF THE 2ND |
Washington (APP) Nationals batting - Pitching for Johnson City Cardinals : LHP Craig Soole
|
Batting: RHB Jason Ewert
|
0-0: Ball 1-0: Bunt missed! 1-1: Swinging Strike 1-2: Foul Ball, location: 2F 1-2: Ball 2-2: Ball 3-2: Strikes out swinging
|
Batting: LHB Jim Weidman
|
0-0: Ball 1-0: SINGLE (Line Drive, 7S, EV 106.2 MPH)
|
Batting: RHB Steve Schneider
|
0-0: Bunt missed! 0-1: Bunt missed! 0-2: Bunted foul, Strikeout!
|
Batting: RHB Justin Van Houten
|
0-0: Swinging Strike 0-1: Swinging Strike 0-2: Foul Ball, location: 2F 0-2: Ball 1-2: Strikes out swinging
|
Top of the 2nd over - 0 runs, 1 hit, 0 errors, 1 left on base; Washington (APP) 2 - Johnson City 0 |
BOTTOM OF THE 2ND |
Johnson City Cardinals batting - Pitching for Washington (APP) Nationals : LHP Danny Juarez
|
Batting: LHB Ken Compton
|
0-0: Foul Ball, location: 2F 0-1: SINGLE (Line Drive, 4M, EV 95.6 MPH)
|
Batting: RHB Bobby Miles
|
0-0: Hit by Pitch Ken Compton to second
|
Batting: LHB Billy Lang
|
0-0: Called Strike 0-1: Swinging Strike 0-2: Strikes out swinging
|
Batting: RHB Alex Melgoza
|
0-0: Swinging Strike 0-1: Ball Ken Compton steals 3rd base Bobby Miles to second 1-1: Swinging Strike 1-2: Foul Ball, location: 2F 1-2: Ground out 6-3 (Groundball, 6, EV 100.6 MPH) Ken Compton scores
|
Batting: RHB Edgar Klockow
|
0-0: Called Strike 0-1: Foul Ball, location: 2F 0-2: Foul Ball, location: 2F 0-2: Strikes out looking
|
Bottom of the 2nd over - 1 run, 1 hit, 0 errors, 1 left on base; Washington (APP) 2 - Johnson City 1 |
TOP OF THE 3RD |
Washington (APP) Nationals batting - Pitching for Johnson City Cardinals : LHP Craig Soole
|
Batting: RHB Er Le
|
0-0: Ball 1-0: Swinging Strike 1-1: Ball 2-1: Ball 3-1: Swinging Strike 3-2: Strikes out swinging
|
Batting: RHB Tylor Cyr
|
0-0: Called Strike 0-1: SOLO HOME RUN (Flyball, 7D, EV 99.4 MPH), Distance : 375 ft
|
Batting: LHB Chance McWilliams
|
0-0: Ball 1-0: Called Strike 1-1: Swinging Strike 1-2: Foul Ball, location: 2F 1-2: Foul Ball, location: 2F 1-2: Strikes out swinging
|
Batting: RHB Lamar Thornton
|
0-0: Ball 1-0: Ball 2-0: Foul Ball, location: 2F 2-1: Foul Ball, location: 2F 2-2: SINGLE (Flyball, 4D, EV 81.9 MPH)
|
Batting: LHB Elias Posada
|
0-0: 2-RUN HOME RUN (Flyball, 9D, EV 101.2 MPH), Distance : 382 ft
|
Batting: RHB Jason Ewert
|
0-0: Foul Ball, location: 2F 0-1: Ball 1-1: Ball 2-1: Fly out, F9 (Line Drive, 9S, EV 91.9 MPH)
|
Top of the 3rd over - 3 runs, 3 hits, 0 errors, 0 left on base; Washington (APP) 5 - Johnson City 1 |
BOTTOM OF THE 3RD |
Johnson City Cardinals batting - Pitching for Washington (APP) Nationals : LHP Danny Juarez
|
Batting: SHB Justin Towry
|
0-0: Called Strike 0-1: Foul Ball, location: 2F 0-2: TRIPLE (Flyball, 89XD, EV 107.5 MPH)
|
Batting: RHB Nick Latulippe
|
0-0: Foul Ball, location: 2F 0-1: Foul Ball, location: 2F 0-2: Ball 1-2: Strikes out swinging, 2-3 out at first.
|
Batting: RHB Herbert Loveless
|
0-0: Ball 1-0: Ball 2-0: Fly out, F7 (Line Drive, 7, EV 101.2 MPH)
|
Batting: RHB Kyle Burns
|
0-0: Ball 1-0: Foul Ball, location: 2F 1-1: Ball 2-1: Ball 3-1: Base on Balls
|
Batting: LHB Ken Compton
|
0-0: Called Strike 0-1: Called Strike 0-2: Ball 1-2: Ball 2-2: Foul Ball, location: 2F 2-2: DOUBLE (Groundball, 5L, EV 94.4 MPH) Justin Towry scores Kyle Burns to third
|
Batting: RHB Bobby Miles
|
0-0: Foul Ball, location: 2F 0-1: Swinging Strike 0-2: Foul Ball, location: 2F 0-2: Strikes out swinging
|
Bottom of the 3rd over - 1 run, 2 hits, 0 errors, 2 left on base; Washington (APP) 5 - Johnson City 2 |
TOP OF THE 4TH |
Washington (APP) Nationals batting - Pitching for Johnson City Cardinals : LHP Craig Soole
|
Batting: LHB Jim Weidman
|
0-0: Called Strike 0-1: Swinging Strike 0-2: Foul Ball, location: 2F 0-2: Strikes out swinging
|
Batting: RHB Steve Schneider
|
0-0: Ball 1-0: Ball 2-0: Foul Ball, location: 2F 2-1: Ball 3-1: Reached via error on a dropped throw from 1B, E1 (Groundball, 34S, EV 86.9 MPH)
|
Batting: RHB Justin Van Houten
|
0-0: Ball 1-0: Ball 2-0: Called Strike 2-1: Called Strike 2-2: Ball 3-2: Strikes out swinging
|
Batting: RHB Er Le
|
0-0: Fielders Choice at 2nd, 6-4 (Groundball, 56, EV 102.5 MPH)
|
Top of the 4th over - 0 runs, 0 hits, 1 error, 1 left on base; Washington (APP) 5 - Johnson City 2 |
BOTTOM OF THE 4TH |
Johnson City Cardinals batting - Pitching for Washington (APP) Nationals : LHP Danny Juarez
|
Batting: LHB Billy Lang
|
0-0: Ball 1-0: Ground out 4-3 (Groundball, 4, EV 80.6 MPH)
|
Batting: RHB Alex Melgoza
|
0-0: Ball 1-0: Ball 2-0: Fly out, F7 (Flyball, 78M, EV 95.0 MPH)
|
Batting: RHB Edgar Klockow
|
0-0: Ball 1-0: DOUBLE (Line Drive, 78XD, EV 101.2 MPH)
|
Batting: SHB Justin Towry
|
0-0: Ball 1-0: SINGLE (Groundball, 13S, EV 69.4 MPH) (infield hit) Edgar Klockow to third
|
Batting: RHB Nick Latulippe
|
0-0: Ball 1-0: Swinging Strike 1-1: Swinging Strike 1-2: Strikes out swinging
|
Bottom of the 4th over - 0 runs, 2 hits, 0 errors, 2 left on base; Washington (APP) 5 - Johnson City 2 |
TOP OF THE 5TH |
Washington (APP) Nationals batting - Pitching for Johnson City Cardinals : LHP Craig Soole
|
Batting: RHB Tylor Cyr
|
0-0: Fly out, F7 (Flyball, 7D, EV 108.1 MPH)
|
Batting: LHB Chance McWilliams
|
0-0: Reached on error, E4 (Groundball, 4MS, EV 86.9 MPH)
|
Batting: RHB Lamar Thornton
|
0-0: Foul Ball, location: 2F 0-1: 2-RUN HOME RUN (Flyball, 78XD, EV 113.1 MPH), Distance : 418 ft
|
Batting: LHB Elias Posada
|
0-0: SOLO HOME RUN (Flyball, 9D, EV 95.6 MPH), Distance : 365 ft
|
Pitching: LHP Andy Fitzsimmons
|
|
Batting: RHB Jason Ewert
|
0-0: Called Strike 0-1: Fly out, F8 (Flyball, 8LD, EV 101.2 MPH)
|
Batting: LHB Jim Weidman
|
0-0: Ball 1-0: Ball 2-0: Ball 3-0: Called Strike 3-1: Base on Balls
|
Batting: RHB Steve Schneider
|
0-0: Foul Ball, location: 2F 0-1: Called Strike 0-2: Strikes out swinging
|
Top of the 5th over - 3 runs, 2 hits, 1 error, 1 left on base; Washington (APP) 8 - Johnson City 2 |
BOTTOM OF THE 5TH |
Johnson City Cardinals batting - Pitching for Washington (APP) Nationals : LHP Danny Juarez
|
Batting: RHB Herbert Loveless
|
0-0: Ball 1-0: Ball 2-0: Called Strike 2-1: Foul Ball, location: 2F 2-2: Ball 3-2: Strikes out swinging
|
Pitching: RHP Matt Norris
|
|
Batting: RHB Kyle Burns
|
0-0: Ground out 4-3 (Groundball, 4, EV 86.2 MPH)
|
Batting: LHB Ken Compton
|
0-0: Called Strike 0-1: Fly out, F6 (Popup, 6M, EV 57.5 MPH)
|
Bottom of the 5th over - 0 runs, 0 hits, 0 errors, 0 left on base; Washington (APP) 8 - Johnson City 2 |
TOP OF THE 6TH |
Washington (APP) Nationals batting - Pitching for Johnson City Cardinals : LHP Andy Fitzsimmons
|
Batting: RHB Justin Van Houten
|
0-0: Swinging Strike 0-1: Called Strike 0-2: Strikes out swinging
|
Batting: RHB Er Le
|
0-0: Foul Ball, location: 2F 0-1: Called Strike 0-2: Ball 1-2: Fly out, F7 (Line Drive, 7, EV 98.8 MPH)
|
Batting: RHB Tylor Cyr
|
0-0: Swinging Strike 0-1: Ball 1-1: Ball 2-1: TRIPLE (Flyball, 7D, EV 102.5 MPH)
|
Pitching: LHP Heriberto Flores
|
|
Batting: LHB Chance McWilliams
|
0-0: Fly out, F7 (Flyball, 7D, EV 95.0 MPH)
|
Top of the 6th over - 0 runs, 1 hit, 0 errors, 1 left on base; Washington (APP) 8 - Johnson City 2 |
BOTTOM OF THE 6TH |
Johnson City Cardinals batting - Pitching for Washington (APP) Nationals : RHP Matt Norris
|
Batting: RHB Bobby Miles
|
0-0: Ball 1-0: Foul Ball, location: 2F 1-1: Ball 2-1: SINGLE (Groundball, 6MD, EV 95.6 MPH)
|
Batting: LHB Billy Lang
|
0-0: Ball 1-0: Ball 2-0: Foul Ball, location: 2F 2-1: Ball Bobby Miles steals 2nd base 3-1: Foul Ball, location: 2F 3-2: Fly out, F8 (Flyball, 8LXD, EV 101.9 MPH) Runner from 2nd tags up, SAFE at 3rd, no throw by CF
|
Batting: RHB Alex Melgoza
|
0-0: Ball 1-0: Foul Ball, location: 2F 1-1: Swinging Strike 1-2: Strikes out swinging
|
Batting: RHB Edgar Klockow
|
0-0: Ball 1-0: Fly out, F7 (Flyball, 7S, EV 83.8 MPH)
|
Bottom of the 6th over - 0 runs, 1 hit, 0 errors, 1 left on base; Washington (APP) 8 - Johnson City 2 |
TOP OF THE 7TH |
Washington (APP) Nationals batting - Pitching for Johnson City Cardinals : LHP Heriberto Flores
|
Batting: RHB Lamar Thornton
|
0-0: Ball 1-0: Ground out 6-3 (Groundball, 6, EV 103.1 MPH)
|
Batting: LHB Elias Posada
|
0-0: SOLO HOME RUN (Flyball, 7LD, EV 99.4 MPH), Distance : 353 ft
|
Batting: RHB Jason Ewert
|
0-0: Swinging Strike 0-1: Ground out 4-3 (Groundball, 4, EV 85.0 MPH)
|
Batting: LHB Jim Weidman
|
0-0: Called Strike 0-1: Swinging Strike 0-2: Foul Ball, location: 2F 0-2: Hit by Pitch
|
Batting: RHB Steve Schneider
|
0-0: Ball 1-0: Reached on error, E6 (Groundball, 6M, EV 100.6 MPH) Jim Weidman to second
|
Batting: RHB Justin Van Houten
|
0-0: 3-RUN HOME RUN (Flyball, 7LD, EV 98.8 MPH), Distance : 384 ft
|
Batting: RHB Er Le
|
0-0: Foul Ball, location: 2F 0-1: Foul Ball, location: 2F 0-2: Strikes out looking
|
Top of the 7th over - 4 runs, 2 hits, 1 error, 0 left on base; Washington (APP) 12 - Johnson City 2 |
BOTTOM OF THE 7TH |
Johnson City Cardinals batting - Pitching for Washington (APP) Nationals : RHP Matt Norris
|
Batting: SHB Justin Towry
|
0-0: Ball 1-0: Ball 2-0: Called Strike 2-1: SINGLE (Line Drive, 78S, EV 101.2 MPH)
|
Batting: RHB Nick Latulippe
|
0-0: Foul Ball, location: 2F 0-1: Ball 1-1: Called Strike Justin Towry steals 2nd base (no throw) 1-2: Strikes out looking
|
Batting: RHB Herbert Loveless
|
0-0: Foul Ball, location: 2F 0-1: Ball 1-1: Foul Ball, location: 2F 1-2: Ball 2-2: Foul Ball, location: 2F 2-2: Foul Ball, location: 2F 2-2: Ball 3-2: Strikes out swinging
|
Pinch Hitting: RHB Sam Daw
|
0-0: Called Strike 0-1: Swinging Strike 0-2: Ball 1-2: Ball 2-2: Ball 3-2: SINGLE (Line Drive, 34D, EV 99.4 MPH) Justin Towry to third Runner from 3rd tries for Home, SAFE, throw by RF to home
|
Batting: LHB Ken Compton
|
0-0: Fly out, F8 (Flyball, 8RM, EV 85.6 MPH)
|
Bottom of the 7th over - 1 run, 2 hits, 0 errors, 1 left on base; Washington (APP) 12 - Johnson City 3 |
TOP OF THE 8TH |
Washington (APP) Nationals batting - Pitching for Johnson City Cardinals : LHP Heriberto Flores
|
Now at SS: Sam Daw
|
|
Batting: RHB Tylor Cyr
|
0-0: Ball 1-0: Called Strike 1-1: Ball 2-1: Swinging Strike 2-2: Ball 3-2: Foul Ball, location: 2F 3-2: Base on Balls
|
Pitching: RHP Jim Morse
|
|
Batting: LHB Chance McWilliams
|
0-0: Ball 1-0: Called Strike 1-1: Fielders Choice at 2nd, 4-6 (Groundball, 34D, EV 93.8 MPH)
|
Batting: RHB Lamar Thornton
|
0-0: 2-RUN HOME RUN (Flyball, 7LD, EV 96.9 MPH), Distance : 362 ft
|
Batting: LHB Elias Posada
|
0-0: Ball 1-0: Foul Ball, location: 2F 1-1: Ball 2-1: SOLO HOME RUN (Flyball, 9LD, EV 95.6 MPH), Distance : 341 ft
|
Batting: RHB Jason Ewert
|
0-0: Ball 1-0: Ball 2-0: Ball 3-0: Called Strike 3-1: Base on Balls
|
Batting: LHB Jim Weidman
|
0-0: Ball 1-0: 2-RUN HOME RUN (Flyball, 9LD, EV 91.2 MPH), Distance : 346 ft
|
Pitching: LHP Mike East
|
|
Batting: RHB Steve Schneider
|
0-0: Foul Ball, location: 2F 0-1: Ball 1-1: Fly out, F7 (Flyball, 78D, EV 92.5 MPH)
|
Batting: RHB Justin Van Houten
|
0-0: Called Strike 0-1: Swinging Strike 0-2: Ball 1-2: Ball 2-2: Strikes out swinging
|
Top of the 8th over - 5 runs, 3 hits, 0 errors, 0 left on base; Washington (APP) 17 - Johnson City 3 |
BOTTOM OF THE 8TH |
Johnson City Cardinals batting - Pitching for Washington (APP) Nationals : RHP Matt Norris
|
Batting: RHB Bobby Miles
|
0-0: Foul Ball, location: 2F 0-1: Reached on error, E4 (Groundball, 4S, EV 71.2 MPH)
|
Pitching: RHP Manny Mendoza
|
|
Pinch Hitting: RHB Diego Herrera
|
0-0: Fly out, F6 (Popup, 56, EV 54.4 MPH)
|
Batting: RHB Alex Melgoza
|
0-0: Ball 1-0: Foul Ball, location: 2F 1-1: Ball 2-1: Foul Ball, location: 2F 2-2: Ball 3-2: Base on Balls Bobby Miles to second
|
Batting: RHB Edgar Klockow
|
0-0: Ball 1-0: Foul Ball, location: 2F 1-1: Swinging Strike 1-2: Ball 2-2: Ball 3-2: Foul Ball, location: 2F 3-2: Base on Balls Bobby Miles to third Alex Melgoza to second
|
Batting: SHB Justin Towry
|
0-0: Called Strike 0-1: Swinging Strike 0-2: Ball 1-2: Strikes out swinging
|
Batting: RHB Nick Latulippe
|
0-0: Ball 1-0: Fielders Choice at 2nd, 6-4 (Groundball, 6, EV 86.2 MPH)
|
Bottom of the 8th over - 0 runs, 0 hits, 1 error, 3 left on base; Washington (APP) 17 - Johnson City 3 |
TOP OF THE 9TH |
Washington (APP) Nationals batting - Pitching for Johnson City Cardinals : LHP Mike East
|
Now in LF: Diego Herrera
|
|
Now in RF: Edgar Klockow
|
|
Batting: RHB Er Le
|
0-0: Ball 1-0: Called Strike 1-1: Ball 2-1: Ball 3-1: SOLO HOME RUN (Flyball, 7D, EV 104.4 MPH), Distance : 376 ft
|
Batting: RHB Tylor Cyr
|
0-0: Ball 1-0: Ball 2-0: SINGLE (Line Drive, 78S, EV 98.8 MPH)
|
Batting: LHB Chance McWilliams
|
0-0: Ball 1-0: Foul Ball, location: 2F 1-1: Ball Wild Pitch! Tylor Cyr to second 2-1: Swinging Strike 2-2: Ground out 4-3 (Groundball, 4S, EV 83.1 MPH) Tylor Cyr to third
|
Batting: RHB Lamar Thornton
|
0-0: Called Strike 0-1: Ball 1-1: Ball 2-1: Ball 3-1: Base on Balls
|
Batting: LHB Elias Posada
|
0-0: Ball Wild Pitch! Tylor Cyr scores Lamar Thornton to second 1-0: Foul Ball, location: 2F 1-1: Called Strike 1-2: Foul Ball, location: 2F 1-2: Ball 2-2: Ball 3-2: Base on Balls
|
Batting: RHB Jason Ewert
|
0-0: Ground out 4-3 (Groundball, 4MS, EV 64.4 MPH) Lamar Thornton to third Elias Posada to second
|
Batting: LHB Jim Weidman
|
0-0: Ball 1-0: Ball 2-0: 3-RUN HOME RUN (Flyball, 89XD, EV 98.8 MPH), Distance : 419 ft
|
Pitching: RHP Geoff Musico
|
|
Batting: RHB Steve Schneider
|
0-0: SINGLE (Line Drive, 7S, EV 91.9 MPH)
|
Batting: RHB Justin Van Houten
|
0-0: Ball 1-0: Ball 2-0: Ball 3-0: Called Strike 3-1: Base on Balls Steve Schneider to second
|
Batting: RHB Er Le
|
0-0: Called Strike 0-1: Fly out, F6 (Line Drive, 6, EV 75.6 MPH)
|
Top of the 9th over - 5 runs, 4 hits, 0 errors, 2 left on base; Washington (APP) 22 - Johnson City 3 |
BOTTOM OF THE 9TH |
Johnson City Cardinals batting - Pitching for Washington (APP) Nationals : RHP Manny Mendoza
|
Batting: RHB Herbert Loveless
|
0-0: Foul Ball, location: 2F 0-1: Ball 1-1: Foul Ball, location: 2F 1-2: Foul Ball, location: 2F 1-2: Ball 2-2: Ball 3-2: Foul Ball, location: 2F 3-2: Foul Ball, location: 2F 3-2: SINGLE (Groundball, 56D, EV 108.8 MPH)
|
Pitching: LHP Willie Rivera
|
|
Batting: RHB Sam Daw
|
0-0: Ball Wild Pitch! Herbert Loveless to second 1-0: Ball 2-0: Swinging Strike 2-1: Called Strike 2-2: Ball 3-2: Fly out, F8 (Line Drive, 8RM, EV 92.5 MPH)
|
Batting: LHB Ken Compton
|
0-0: Ball 1-0: Called Strike 1-1: Swinging Strike 1-2: Ball 2-2: Ball 3-2: Foul Ball, location: 2F 3-2: Base on Balls
|
Batting: RHB Bobby Miles
|
0-0: Ball 1-0: Called Strike 1-1: Called Strike 1-2: Foul Ball, location: 2F 1-2: Strikes out looking
|
Batting: RHB Diego Herrera
|
0-0: Ball 1-0: Fly out, F7 (Flyball, 78M, EV 88.8 MPH)
|
Bottom of the 9th over - 0 runs, 1 hit, 0 errors, 2 left on base; Washington (APP) 22 - Johnson City 3 |
|